AoeStats
← Dara_Shikoh

Fortress

509000589Analyzed
4v4 RM · 7d ago on Sep 25, 2026· 50m 36s· 8 players
Game mode
Random Map
Map size
Huge
Population
200
Speed
Normal
Resources
Standard
Victory
Conquest
Starting age
Dark Age
Ending age
Imperial Age
RankedLock teamsTeams togetherTeam positionsShared explorationLock speedFull tech treeHidden civsTurbo modeCheats
Victory
Defeat
🇨🇴 Teutons · Colombia
677
+19
🇺🇸 Khmer · United States
656
+20
🇲🇽 Spanish · Mexico
612
+22
🇺🇸 Aztecs · United States
582
+22
🇨🇴 Britons · Colombia
778
-22
🇯🇵 Danes · Japan
757
-21
🇫🇷 Persians · France
739
-42
🇧🇷 Wei · Brazil
684
-19
Dara_Shikoh
1:02 Loom
8:01 Feudal Age
12:02 Castle Age
10:02 Double-Bit Axe
10:45 Gold Mining
12:55 Wheelbarrow
13:08 Bow Saw
12:45 Horse Collar
15:29 Heavy Plow
23:12 Hand Cart
27:43 Imperial Age
24:49 Light Cavalry
25:41 Bloodlines
25:47 Scale Barding Armor
26:18 Husbandry
26:32 Forging
27:25 Chain Barding Armor
29:07 Plate Barding Armor
29:08 Iron Casting
29:04 Double Crossbow
29:28 Ballistics
29:49 Gold Shaft Mining
30:45 Chemistry
29:57 Hussar
32:19 Heavy Scorpion
Cuauhocelotl831
NICKPNGC
2:51 Loom
7:41 Feudal Age
13:43 Castle Age
12:45 Double-Bit Axe
12:47 Horse Collar
13:13 Scale Mail Armor
14:40 Wheelbarrow
15:30 Gold Mining
16:48 Forging
16:55 Chain Mail Armor
21:49 Imperial Age
20:01 Bloodlines
22:37 Hand Cart
27:31 Conscription
26:35 Elite Skirmisher
30:12 Cavalier
32:18 Iron Casting
31:49 Scale Barding Armor
31:57 Paladin
34:26 Blast Furnace
33:20 Stone Mining
36:08 Chain Barding Armor
37:51 Bow Saw
39:41 Plate Barding Armor
39:37 Plate Mail Armor
40:56 Elite Teutonic Knight
41:31 Fletching
42:25 Heavy Plow
43:28 Two-Man Saw
45:55 Bodkin Arrow
47:03 Chemistry
46:24 Ballistics
46:12 Siege Engineers
50:34 Capped Ram
Alanspitfire
10:50 Feudal Age
11:25 Double-Bit Axe
13:23 Horse Collar
17:09 Castle Age
15:44 Gold Mining
15:48 Stone Mining
19:33 Bow Saw
19:37 Loom
23:01 Wheelbarrow
23:08 Padded Archer Armor
25:22 Stone Shaft Mining
25:16 Leather Archer Armor
24:52 Fletching
31:10 Hand Cart
32:44 Ballistics
32:58 Heavy Plow
38:45 Imperial Age
38:11 Bodkin Arrow
38:27 Forging
39:55 Conscription
39:01 Elite Conquistador
41:00 Two-Man Saw
40:51 Bracer
41:21 Ring Archer Armor
45:38 Iron Casting
45:20 Thumb Ring
44:41 Heavy Mounted Crossbowman
50:31 Town Watch
Masepulvedah1
0:58 Loom
9:32 Feudal Age
9:57 Horse Collar
10:05 Double-Bit Axe
17:37 Castle Age
16:47 Stone Mining
17:48 Crossbowman
19:40 Wheelbarrow
20:05 Fletching
20:15 Padded Archer Armor
21:22 Forging
21:10 Bodkin Arrow
23:08 Bow Saw
23:01 Heavy Plow
24:53 Hand Cart
25:39 Leather Archer Armor
28:00 Elite Skirmisher
32:53 Imperial Age
35:12 Arbalester
37:31 Bracer
38:01 Ring Archer Armor
36:57 Elite Longbowman
40:00 Two-Man Saw
38:58 Gold Mining
42:50 Chemistry
GleisOn!
8:34 Feudal Age
9:22 Double-Bit Axe
9:19 Horse Collar
9:34 Gold Mining
11:44 Stone Mining
15:35 Castle Age
15:55 Bloodlines
16:57 Bow Saw
16:50 Heavy Plow
19:05 Gold Shaft Mining
19:09 Stone Shaft Mining
20:47 Husbandry
20:55 Scale Barding Armor
21:01 Forging
24:21 Wheelbarrow
23:35 Loom
30:59 Imperial Age
30:15 Iron Casting
31:16 Chain Barding Armor
31:00 Capped Ram
KANO9387
6:49 Feudal Age
8:06 Town Watch
9:50 Double-Bit Axe
16:11 Castle Age
14:38 Scale Barding Armor
17:09 Bloodlines
16:57 Loom
19:32 Light Cavalry
20:14 Husbandry
23:28 Chain Barding Armor
23:21 Forging
31:36 Imperial Age
31:35 Horse Collar
32:54 Town Patrol
34:33 Kamandaran
35:00 Heavy Camel Rider
36:45 Guard Tower
38:47 Iron Casting
47:47 Crossbowman
teban0721
7:19 Feudal Age
11:18 Castle Age
10:53 Double-Bit Axe
10:59 Horse Collar
12:47 Bow Saw
15:05 Wheelbarrow
15:09 Heavy Plow
16:26 Loom
16:57 Hand Cart
19:58 Gold Mining
20:00 Stone Mining
20:33 Town Watch
21:01 Fletching
25:31 Imperial Age
23:23 Bodkin Arrow
24:38 Scale Barding Armor
24:33 Scale Mail Armor
24:44 Forging
24:51 Gold Mining
25:57 Chain Mail Armor
25:47 Scale Barding Armor
26:05 Padded Archer Armor
26:26 Squires
26:12 Gambesons
27:04 Iron Casting
25:56 Cranequins
27:38 Conscription
26:41 Hamask
26:50 Pikeman
27:40 Halberdier
29:24 Chemistry
29:21 Plate Mail Armor
29:22 Ballistics
29:28 Town Patrol
29:32 Elite Jomsviking
30:38 Light Cavalry
31:29 Bloodlines
31:22 Husbandry
31:41 Elite Varangian Guard
32:41 Arson
33:19 Thumb Ring
33:25 Scale Barding Armor
33:52 Man-at-Arms
34:00 Northmen's Fury
34:54 Caravan
35:43 Gold Shaft Mining
36:04 Stone Shaft Mining
Connection lost

Rejoining the realm…

Still unreachable

The connection could not be restored.

Session expired

The server has moved on; the page needs a fresh start.